 Dungeon Crawl Stone Soup version 0.27-a0-998-g4cfe56d (webtiles) character file.

Game seed: 8138661819499799920

65 Shadowblade the Magician (level 3, -5/24 HPs)
             Began as a Demonspawn Hedge Wizard on Apr 16, 2021.
             Slain by an iguana (14 damage)
             ... on level 2 of the Dungeon.
             The game lasted 00:04:25 (2308 turns).

Shadowblade the Magician (Demonspawn Hedge Wizard)  Turns: 2308, Time: 00:04:26

Health: -5/24      AC:  2    Str:  9 (10) XL:     3   Next: 94%
Magic:  8/8        EV: 12    Int: 15 (16) God:
Gold:   59         SH:  0    Dex:  9 (12) Spells: 9/10 levels left

rFire    + . .     SeeInvis .   a - +0 dagger
rCold    . . .     Faith    .   (no shield)
rNeg     . . .     Spirit   .   b - +0 robe
rPois    .         Reflect  .   c - +0 hat
rElec    .         Harm     .   (no cloak)
rCorr    .         Rampage  .   (no gloves)
Will     .....                  (no boots)
Stlth    ++........             g - amulet of magic regeneration
HPRegen  0.08/turn              e - ring of protection from fire
MPRegen  0.47/turn              (no ring)

@: no status effects
A: powered by pain 1, magic regeneration
a: no special abilities


You were on level 2 of the Dungeon.
You visited 1 branch of the dungeon, and saw 2 of its levels.

You collected 59 gold pieces.

Inventory:

Hand Weapons
 a - a +0 dagger (weapon)
Armour
 b - a +0 robe (worn)
 c - a +0 hat (worn)
Jewellery
 e - a ring of protection from fire (left hand)
 g - an amulet of magic regeneration (around neck)
Scrolls
 d - a scroll of fear {unknown}
 h - a scroll of brand weapon {unknown}
 i - a scroll of vulnerability {unknown}
Potions
 f - a potion of degeneration
 j - a potion of berserk rage {unknown}


   Skills:
 + Level 1.8 Dodging
 + Level 2.2 Stealth
 + Level 4.0 Spellcasting
 * Level 2.1 Conjurations
 + Level 1.0 Summonings
 + Level 0.8 Translocations


You had 9 spell levels left.
You knew the following spells:

 Your Spells              Type           Power      Damage    Failure   Level
a - Magic Dart            Conj           36%        1d4       8%          1

Your spell library contained the following spells:

 Spells                   Type           Power      Damage    Failure   Level
 Blink                    Tloc           N/A        N/A       19%         2
 Call Imp                 Summ           6%         N/A       19%         2
 Slow                     Hex            3%         N/A       26%         2
 Conjure Flame            Conj/Fire      6%         6-21      34%         3
 Mephitic Cloud           Conj/Pois/Air  5%         N/A       38%         3


Dungeon Overview and Level Annotations

Branches:
Dungeon (2/15)

Altars:


Innate Abilities, Weirdness & Mutations

You sometimes gain a little power by taking damage.
You regenerate magic rapidly.


Message History

The adder closely misses you.
Casting: Magic Dart (safe; 9% risk of failure)
Confirm with . or Enter, or press ? or * to list all spells.
Aiming: Magic Dart (safe; 9% risk of failure)
Press: ? - help, Shift-Dir - straight line, f/p - adder
Aim: an adder (moderately wounded, 100% to hit)
You miscast Magic Dart.
Nothing appears to happen.
The adder misses you.
Casting: Magic Dart (safe; 9% risk of failure)
Confirm with . or Enter, or press ? or * to list all spells.
Aiming: Magic Dart (safe; 9% risk of failure)
Press: ? - help, Shift-Dir - straight line, f/p - adder
Aim: an adder (moderately wounded, 100% to hit)
The magic dart hits the adder.
The adder is severely wounded.
The adder bites you.
You are poisoned.
The adder poisons you! The adder barely misses you.
Casting: Magic Dart (safe; 9% risk of failure)
Confirm with . or Enter, or press ? or * to list all spells.
Aiming: Magic Dart (safe; 9% risk of failure)
Press: ? - help, Shift-Dir - straight line, f/p - adder
Aim: an adder (severely wounded, 100% to hit)
The magic dart hits the adder.
You kill the adder!
You feel sick.
Your Spellcasting skill increases to level 4!
Your Conjurations skill increases to level 2!
Unknown command.
You feel sick.
You feel sick.
You feel sick.
You feel sick.
You feel sick.
You feel sick.
You are no longer poisoned.
Your magical contamination has completely faded away.
You see here 6 stones.
You open the door. The iguana bites you!
Ouch! That really hurt!
You die...

# ####.# ?.## #. .# #
###...## ## .. .. #
###...⌠..# .. ..
######........## #. .#
##.'...........## #. .#
...##.⌠........##.####. .# #
.⌠..#.....#.....#......#.#.#
....##........⌠l##.......#.#
.....#..........@#.........#
.....##........#'######..###
#.....#..⌠...###.# ...#..#
....⌠)##...###...####.#..#
#.
.(....)#.###...⌠..#......#
#.
.....#####........###..###
#. ...###.#......[....##..#
#. .###...##.⌠........##..#
#. ##...⌠..#.....#.....#.l#
#.


You could see an iguana.

Vanquished Creatures
  2 adders
  3 worms (D:2)
  A dart slug (D:1)
  5 bats
  4 endoplasms
  4 hobgoblins
  A jackal (D:2)
  3 quokkas
  A ball python (D:1)
  5 frilled lizards
  2 goblins
  7 kobolds
  2 rats
40 creatures vanquished.

Notes
Turn   | Place    | Note
-------+----------+-------------------------------------------
     0 | D:1      | Shadowblade the Demonspawn Hedge Wizard began the quest for
                  | the Orb.
     0 | D:1      | Reached XP level 1. HP: 13/13 MP: 4/4
   323 | D:1      | Gained mutation: You regenerate magic rapidly. [demonic
                  | ancestry]
   323 | D:1      | Reached XP level 2. HP: 17/19 MP: 1/6
  1558 | D:2      | Gained mutation: You sometimes gain a little power by
                  | taking damage. [demonic ancestry]
  1558 | D:2      | Reached XP level 3. HP: 24/24 MP: 6/8
  2300 | D:2      | Reached skill level 4 in Spellcasting
  2308 | D:2      | Slain by an iguana

Illustrated notes

Levels and vault maps discovered:
D:1:      lightli_arrival_chessboard, layout_rooms, chequers_big_river,
          amcnicky_mini_pool_small, hangedman_glass_garden,
          chequers_serial_rivers_micro_c, wander_ebering_terrifying_dragon_lair
D:2:      minmay_skewed_foursquare, layout_loops_ring

Skill      XL: |  1  2  3 |
---------------+----------+-----
Stealth        | 2 |  2.2
Spellcasting   | 4 |  4.0
Conjurations   | 2 |  2.1
Dodging        | |  1.8
Summonings     | |  1.0
Translocations | |  0.8

Action                   || total
-------------------------++-------
Melee: Dagger            ||     9
 Cast: Magic Dart        ||   137
  Use: Potion            ||     2
 Stab: Sleeping          ||     2
Armor: Robe              ||     9
Dodge: Dodged            ||    26

Table legend: (Time is in decaauts)
 A = Elapsed time spent in this place.
 B = Non-inter-level travel time spent in this place.
 C = Inter-level travel time spent in this place.
 D = Time resting spent in this place.
 E = Time spent auto-exploring this place.
 F = Levels seen in this place.
 G = Mean time per level.
                   A        B        C        D        E       F      G
               +--------+--------+--------+--------+--------+-----+--------+
         Total |   2316 |   2279 |     37 |    438 |   1455 |   2 | 1158.0 |
       Dungeon |   2316 |   2279 |     37 |    438 |   1455 |   2 | 1158.0 |
               +--------+--------+--------+--------+--------+-----+--------+

Top non-repeatable levels by time:
     D:1: 1251 daAuts
     D:2: 1065 daAuts
